 Dungeon Crawl Stone Soup version 0.14-a0-2071-g7172c92 (webtiles) character file.

398 HollowCharge the Chopper (level 5, -4/44 HPs)
             Began as a Demigod Gladiator on Jan 23, 2014.
             Slain by Menkaure (15 damage)
             ... on Level 4 of the Dungeon.
             The game lasted 00:18:08 (6270 turns).

HollowCharge the Chopper (Demigod Gladiator)        Turns: 6270, Time: 00:18:09

HP  -4/44        AC  6     Str 21      XL: 5   Next: 90%
MP   8/8         EV 11     Int 12      God:
Gold 96          SH  0     Dex 16      Spells:  0 memorised,  4 levels left

rFire  . . .     SeeInvis .     a - +0 hand axe
rCold  . . .     Clarity  .     g - +0 ring mail
rNeg   . . .     Conserve .     (no shield)
rPois  .         rCorr    .     c - +0 helmet
rElec  .         rRot     .     (no cloak)
SustAb . .       Spirit   .     (no gloves)
rMut   .         Warding  .     (no boots)
Saprov . . .     Stasis   .     (no amulet)
MR     .....                    (no ring)
                                (no ring)

@: not resistant to hostile enchantments, very unstealthy
A: no striking features
a: no special abilities


You were on level 4 of the Dungeon.
You were not hungry.

You visited 2 branches of the dungeon, and saw 5 of its levels.

You collected 96 gold pieces.

Inventory:

Hand weapons
 a - a +0,+0 hand axe (weapon)
Missiles
 d - a throwing net [torn]
 r - a throwing net (quivered)
Armour
 c - a +0 helmet (worn)
 g - a +0 ring mail (worn)
Magical devices
 t - a wand of heal wounds (3)
Comestibles
 f - 4 bread rations
 k - 2 meat rations
 u - a choko
 v - a chunk of human flesh
Scrolls
 h - 2 scrolls of remove curse {unknown}
 l - 2 scrolls of identify {unknown}
 m - a scroll of magic mapping {unknown}
 n - 2 scrolls of blinking {unknown}
 o - 2 scrolls of random uselessness {unknown}
 p - a scroll of fear {unknown}
 q - a scroll of noise {unknown}
Potions
 b - 2 potions of heal wounds {unknown}
 e - 3 potions of curing {unknown}
 i - a potion of brilliance {unknown}
 j - a potion of paralysis {unknown}
 s - a potion of poison {unknown}


   Skills:
 + Level 2.9 Fighting
 * Level 4.6 Axes
 - Level 1.7 Throwing
 + Level 2.4 Armour
 + Level 3.3 Dodging


You had 4 spell levels left.
You didn't know any spells.

Dungeon Overview and Level Annotations

Branches:
Dungeon (4/16)             Temple (1/1) D:4

Annotations:
D:3 Grinder
D:4 Menkaure


Message History

You continue eating.
Menkaure comes into view.
Menkaure shouts!
Menkaure mumbles some strange words.
Menkaure seems to speed up.
Found 13 gold pieces.
You hit Menkaure.
Menkaure is lightly damaged.
Menkaure hits you!
You hit Menkaure.
Menkaure is moderately damaged.
Menkaure misses you. Menkaure hits you!
You hit Menkaure.
Menkaure is heavily damaged.
Menkaure hits you!
* * * LOW HITPOINT WARNING * * *
You hit Menkaure.
Menkaure is heavily damaged.
Menkaure hits you!
You die...

................## ##∩##
................# ##._.#
................###....#
.................##...##
..............#..###.##
..............##..#..#
.............###...##
..............###.##
..............@####
..............M.......
....................
.......>...........
................
........$....
........... .........
...


You could see Menkaure.

Vanquished Creatures
  A hound (D:4)
  An orc priest (D:3)
  Jessica (D:3)
  13 adders
  A giant mite (D:1)
  A worm (D:3)
  A giant gecko (D:3)
  7 orcs
  10 bats
  6 giant cockroaches
  5 goblins
  11 hobgoblins
  12 jackals
  11 kobolds
  3 ball pythons (D:1)
  A giant newt (D:3)
  2 quokkas
  14 rats
101 creatures vanquished.

Notes
Turn   | Place    | Note
--------------------------------------------------------------
     0 | D:1      | HollowCharge, the Demigod Gladiator, began the quest for the Orb.
     0 | D:1      | Reached XP level 1. HP: 17/17 MP: 2/2
   452 | D:1      | Reached XP level 2. HP: 18/24 MP: 3/3
   629 | D:1      | Reached skill level 1 in Armour
   742 | D:1      | Reached skill level 3 in Axes
  1383 | D:1      | Reached XP level 3. HP: 15/29 MP: 5/5
  2331 | D:2      | Reached XP level 4. HP: 26/36 MP: 7/7
  3300 | D:3      | Reached skill level 4 in Axes
  3771 | D:3      | Found a sparkling altar of Nemelex Xobeh.
  3954 | D:3      | Reached XP level 5. HP: 42/42 MP: 8/8
  3961 | D:3      | Noticed Jessica
  3990 | D:3      | Killed Jessica
  4036 | D:3      | HP: 2/42 [orc/orcish short sword (4)]
  4834 | D:4      | Noticed an ogre
  5142 | D:3      | Noticed Grinder
  5977 | D:4      | Found a staircase to the Ecumenical Temple.
  5998 | Temple   | Entered the Ecumenical Temple
  6098 | D:4      | Found a burning altar of Makhleb.
  6264 | D:4      | Noticed Menkaure
  6270 | D:4      | Slain by Menkaure

Action                   |  1- 3 |  4- 6 || total
-------------------------+-------+-------++-------
Melee: Hand axe          |   192 |   273 ||   465
Throw: Throwing net      |       |     3 ||     3
Evoke: Wand              |       |     1 ||     1
